 Dungeon Crawl Stone Soup version 0.28-b1-25-g9875b3fc8c (webtiles) character file.

Game seed: 12656484461344038428

0 tilp the Sneak (level 1, 0/19 HPs)
             Began as a Hill Orc Delver on Feb 6, 2022.
             Was an Initiate of Trog.
             Slain by a hound (2 damage)
             ... on level 5 of the Dungeon.
             The game lasted 00:00:52 (136 turns).

tilp the Sneak (Hill Orc Delver)                     Turns: 136, Time: 00:00:52

Health: 0/19       AC:  3    Str: 14    XL:     1   Next: 0%
Magic:  1/1        EV: 11    Int: 10    God:    Trog [......]
Gold:   0          SH:  0    Dex: 12    Spells: 0/0 levels left

rFire   . . .      SeeInvis .   a - +0 hand axe
rCold   . . .      Faith    .   (no shield)
rNeg    . . .      Spirit   .   b - +0 leather armour
rPois   .          Reflect  .   (no helmet)
rElec   .          Harm     .   (no cloak)
rCorr   .          Rampage  .   (no gloves)
Will    .....                   (no boots)
Stlth   ++........              (no amulet)
HPRegen 0.06/turn               (no ring)
MPRegen 0.07/turn               (no ring)

@: no status effects
A: no striking features
a: Renounce Religion


You were on level 5 of the Dungeon.
You worshipped Trog.
Trog was noncommittal.
You visited 2 branches of the dungeon, and saw 2 of its levels.

Inventory:

Hand Weapons
 a - a +0 hand axe (weapon)
Missiles
 h - 22 stones (quivered)
Armour
 b - a +0 leather armour (worn)
Wands
 g - a wand of digging (3)
Scrolls
 c - a scroll of fog
 e - a scroll of fear
Potions
 f - a potion of haste


   Skills:
 + Level 3.6 Fighting
 * Level 2.6 Axes
 - Level 1.5 Dodging
 - Level 4.1 Stealth


You couldn't memorise any spells.
You didn't know any spells.
Your spell library was empty.

Dungeon Overview and Level Annotations

Branches:
Dungeon (5/15)             Temple (1/1) D:5

Altars:
Ashenzari
Hepliaklqana
Sif Muna
Trog
Uskayaw
Xom
Lugonu


Message History

Where to? (Enter - Temple @ (x,y), ? - help)
There is a hide-covered altar of Uskayaw here.
There is a staircase back to the Dungeon here.
You climb upwards.
The hound barks!
There is a staircase to the Ecumenical Temple here.
A hound is nearby!
Unknown command.
Okay, then.
The hound bites you.
You hit the hound.
The hound is lightly wounded.
The hound bites you but does no damage. The hound bites you.
You miss the hound.
The hound is lightly wounded.
The hound bites you but does no damage.
You barely miss the hound.
The hound is lightly wounded.
The hound barely misses you. The hound bites you.
You hit the hound.
The hound is heavily wounded.
The hound bites you. x2
* * * LOW HITPOINT WARNING * * *
You hit the hound.
The hound is heavily wounded.
The hound barely misses you. x2
You barely miss the hound.
The hound is heavily wounded.
The hound closely misses you. The hound bites you but does no damage.
You barely miss the hound.
The hound is heavily wounded.
The hound bites you.
* * * LOW HITPOINT WARNING * * *
You closely miss the hound.
The hound is heavily wounded.
The hound closely misses you. The hound bites you but does no damage.
You miss the hound.
The hound is heavily wounded.
The hound bites you.
You die...

,,,* *,**,,Z....***########......
,,,* *,**,*...#.*#......,#.......
,,,***,,,,,.....##.....,,#.......
,,,,,,,,,,***....#....##+##......
,,,,,,,,,,*#,,.P.P....#§§≈#......
,,,,,,,,,,*#.*##.##...+≈≈§'......
,,,******.##.P#...#P..#≈≈≈###...#
,,,* *.......>.....##+#* ###.#
,,,* *###.P#.@.#.####.# #.# ,,,*
#,*##h##......######># ,<,******
*,*#P.P###.#.........# ,,,,,,,,*
*,*#..##*#...######### *,*,_,*,*
*,,.....##..## *,,,,,,,*
**##.##.....# ,,,,,,,******
#.......## ,,,,,,,,,,,,*
######### ,,,,,,,****,*


You could see a hound.

Vanquished Creatures (others)
  A plant (D:5)
1 creature vanquished.

Notes
Turn   | Place    | Note
-------+----------+-------------------------------------------
     0 | D:5      | tilp the Hill Orc Delver began the quest for the Orb.
     0 | D:5      | Reached XP level 1. HP: 19/19 MP: 1/1
    48 | D:5      | Noticed a hound
    56 | D:5      | Found a staircase to the Ecumenical Temple.
    61 | Temple   | Entered the Ecumenical Temple
   109 | Temple   | Became a worshipper of Trog the Wrathful
   136 | D:5      | Slain by a hound

Illustrated notes

Levels and vault maps discovered:
D:5:      layout_loops_cross, mainiacjoe_overflow_paths,
          overflow_temple_1_default, mainiacjoe_overflow_brackets,
          mainiacjoe_overflow_tiny_flanked, minmay_temple_entry_gardened_gates,
          hangedman_decor_push, minmay_liquid_box, uniq_blork_the_orc
Temple:   corrupted_temple

Action                   || total
-------------------------++-------
Melee: Hand axe          ||    12
  Use: Scroll            ||     1
Armor: Leather armour    ||     4
Dodge: Dodged            ||     5
